 Dungeon Crawl Stone Soup version 0.21.1-1-g345015f (webtiles) character file.

5530 xccam the Protected (level 10, -2/83 HPs)
             Began as a Gnoll Wanderer on Mar 15, 2018.
             Was an Elder of Ru.
             Slain by a two-headed ogre
             ... wielding a +0 giant spiked club
              (8 damage)
             ... on level 9 of the Dungeon.
             The game lasted 00:22:09 (8020 turns).

xccam the Protected (Gnoll Wanderer)                Turns: 8020, Time: 00:22:10

Health: -2/83      AC: 15    Str: 19    XL:     10   Next: 71%
Magic:  14/19      EV: 13    Int: 14    God:    Ru [****..]
Gold:   535        SH:  6    Dex: 14    Spells: 20/21 levels left

rFire    + + +     SeeInvis +   B - +3 dagger "Tefuppir" {elec, rF+++ MR-}
rCold    . . .     Gourm    .   u - +0 buckler
rNeg     . . .     Faith    .   a - +2 scale mail
rPois    +         Spirit   .   S - +2 hat {SInv}
rElec    .         Reflect  .   A - +2 cloak {rPois}
rCorr    .         Harm     .   w - +2 pair of gloves
MR       .....                  k - +0 pair of boots
Stlth    ++........             (no amulet)
HPRegen  0.23/turn              q - ring of protection from magic
MPRegen  0.16/turn              J - +2 ring of slaying

@: exhausted
A: distributed training, fangs 1, reduced AC 1, inexperienced 1, strong nose
a: Draw Out Power, Power Leap, Renounce Religion


You were on level 9 of the Dungeon.
You worshipped Ru.
Ru was greatly pleased with you.
You were not hungry.

You visited 1 branch of the dungeon, and saw 9 of its levels.

You collected 535 gold pieces.

Inventory:

Hand Weapons
 l - a +1 dagger of draining
 B - the +3 dagger "Tefuppir" (weapon) {elec, rF+++ MR-}
   (You found it on level 4 of the Dungeon)

   Occasionally, upon striking a foe, it will discharge some electrical energy
   and cause terrible harm.
   It renders you almost immune to fire.
   It affects your resistance to hostile enchantments.
 O - the cursed +3 trident "Hellblazer" {venom, +Inv Str+2}
   (You found it on level 9 of the Dungeon)

   It poisons the flesh of those it strikes.
   It affects your strength (+2).
   It lets you turn invisible.
   It has a curse placed upon it.
Missiles
 p - 9 tomahawks (quivered)
 C - 5 javelins of penetration
Armour
 a - a +2 scale mail (worn)
 k - a +0 pair of boots (worn)
 n - a +2 cloak of magic resistance
 u - a +0 buckler (worn)
 w - a +2 pair of gloves (worn)
 A - a +2 cloak of poison resistance (worn)
 P - a +0 plate armour
 S - a +2 hat of see invisible (worn)
Jewellery
 q - a ring of protection from magic (left hand)
 J - a +2 ring of slaying (right hand)
 M - a +6 ring of dexterity
Wands
 y - a wand of polymorph (8)
 z - a wand of flame (36)
 E - a wand of enslavement (10)
 N - a wand of iceblast (9)
Scrolls
 e - 4 scrolls of fear {unknown}
 f - 2 scrolls of noise {unknown}
 g - 3 scrolls of teleportation
 h - 5 scrolls of remove curse
 i - 2 scrolls of fog
 j - 3 scrolls of amnesia
 o - a scroll of random uselessness {unknown}
 s - a scroll of identify
 t - 3 scrolls of enchant armour
 x - a scroll of magic mapping {unknown}
 D - 2 scrolls of immolation {unknown}
 F - a scroll of enchant weapon {unknown}
 L - a scroll of vulnerability {unknown}
Potions
 b - 4 potions of flight
 c - 3 potions of lignification
 m - a potion of haste
 r - 2 potions of brilliance
 v - a potion of curing
 Q - a potion of ambrosia {unknown}
 R - a potion of heal wounds {unknown}
Books
 G - the Reference Book on Displacement and Contamination
   (You found it on level 8 of the Dungeon)

   Spells                             Type                      Level
   a - Sting                          Conjuration/Poison           1
   b - Portal Projectile              Hexes/Translocation          3
   c - Lesser Beckoning               Translocation                3
 H - a book of Maledictions

   Spells                             Type                      Level
   a - Corona                         Hexes                        1
   b - Ensorcelled Hibernation        Hexes/Ice                    2
   c - Confuse                        Hexes                        3
   d - Tukima's Dance                 Hexes                        3
   e - Dazzling Spray                 Conjuration/Hexes            3
 I - a book of Cantrips

   Spells                             Type                      Level
   a - Confusing Touch                Hexes                        1
   b - Animate Skeleton               Necromancy                   1
   c - Summon Small Mammal            Summoning                    1
   d - Apportation                    Translocation                1
 K - a Young Poisoner's Handbook

   Spells                             Type                      Level
   a - Sting                          Conjuration/Poison           1
   b - Poisonous Vapours              Poison/Air                   2
   c - Mephitic Cloud                 Conjuration/Poison/Air       3
   d - Olgreb's Toxic Radiance        Poison                       4
   e - Venom Bolt                     Conjuration/Poison           5
Comestibles
 d - 14 rations


   Skills:
 + Level 9.0 Fighting
 + Level 7.7 Short Blades
 + Level 6.1 Long Blades
 + Level 6.1 Axes
 + Level 6.1 Maces & Flails
 + Level 6.1 Polearms
 + Level 6.1 Staves
 + Level 6.1 Slings
 + Level 6.1 Bows
 + Level 6.1 Crossbows
 + Level 6.1 Throwing
 + Level 9.0 Armour
 + Level 6.1 Dodging
 + Level 6.1 Stealth
 + Level 6.7 Shields
 + Level 6.1 Unarmed Combat
 + Level 6.1 Spellcasting
 + Level 5.0 Conjurations
 + Level 5.0 Hexes
 + Level 5.0 Charms
 + Level 5.0 Summonings
 + Level 5.0 Necromancy
 + Level 5.0 Translocations
 + Level 5.0 Transmutations
 + Level 5.0 Fire Magic
 + Level 5.0 Ice Magic
 + Level 5.0 Air Magic
 + Level 5.0 Earth Magic
 + Level 5.0 Poison Magic
 + Level 6.7 Invocations
 + Level 6.7 Evocations


You had 20 spell levels left.
You knew the following spells:

 Your Spells              Type           Power        Failure   Level  Hunger
a - Apportation           Tloc           ###...       4%          1    None


Dungeon Overview and Level Annotations

Branches:
Dungeon (9/15)             Temple (0/1) D:6            Lair (0/6) D:9
    Orc: D:9-12

Altars:
Ashenzari
Cheibriados
Gozag
Nemelex Xobeh
Ru
Trog
Vehumet
Xom
Yredelemnul
The Shining One
Beogh

Shops:
D:9 :


Innate Abilities, Weirdness & Mutations

Your experience applies equally to all skills.
You have very sharp teeth.
You take slightly more damage. (AC -5)
You are somewhat inexperienced. (-2 XL)
Your uncanny sense of smell can sniff out nearby items.


Message History

The two-headed ogre shouts in stereo!
The two-headed ogre is too close now for your liking.
The two-headed ogre barely misses you.
The two-headed ogre hits you with a giant club!
You hit the two-headed ogre but do no damage.
You barely miss the two-headed ogre.
The two-headed ogre hits you with a giant spiked club!!
The two-headed ogre closely misses you.
You are too injured to fight recklessly!
You are too injured to fight recklessly!
The two-headed ogre hits you with a giant spiked club!
* * * LOW HITPOINT WARNING * * *
The two-headed ogre hits you with a giant club!
* * * LOW HITPOINT WARNING * * *
Okay, then.
Aiming: Power Leap
Press: ? - help, Dir - move target cursor The two-headed ogre barely misses you.
The two-headed ogre hits you with a giant club!
You die...

.. #....#.<.......#......#....
#....#.........#...........
#....#.........#....#._.#..
#####....#.........#...........
.........####......'......#....
##............#......#...........
.#............'......#..####...##
.#...(........########..# ###...
.#..............@.......# #...
.#...............O......# #...
.#......................# #.>.
.#......>...............# #†..
.#...........######.....# #÷..
.####........#....#.....######...
....#....###♣#....#..............
....######........#..<...........
...........♣∩♣....#######+#######


You could see a two-headed ogre.

Vanquished Creatures
  Gastronok (D:9)
  A two-headed ogre (D:8)
  Pikel (D:9)
  Psyche (D:8)
  2 trolls
  A hornet (D:8)
  2 hippogriffs
  2 hungry ghosts (D:8)
  The ghost of letownia2 the Changer, an amateur MfTm (D:4)
  Edmund (D:5)
  2 black bears
  5 ice beasts
  An orc warrior (D:8)
  A phantom (D:9)
  5 wolves (D:9)
  4 ogres
  4 centaurs
  A big kobold (D:7)
  5 bullfrogs
  3 scorpions
  An electric eel (D:9)
  3 crimson imps
  7 orc priests
  A centaur skeleton (D:9)
  5 hounds
  A jelly (D:9)
  Crazy Yiuf (D:2)
  6 orc wizards
  3 iguanas
  Ijyb (D:5)
  6 worker ants
  A hound skeleton (D:5)
  3 worker ant zombies
  4 gnolls (D:5)
  12 adders
  2 oozes
  3 adder zombies
  An adder skeleton (D:6)
  3 worms
  3 dart slugs (D:1)
  6 leopard geckos
  40 orcs
  2 giant cockroaches
  4 goblins
  2 hobgoblins
  16 jackals
  8 kobolds
  2 quokkas (D:4)
  6 bats
  A giant cockroach zombie (D:6)
  A leopard gecko zombie (D:5)
  9 rats
208 creatures vanquished.

Vanquished Creatures (others)
  Erolcha (D:9)
  4 slaves (D:9)
  A wyvern zombie (D:7)
6 creatures vanquished.

Grand Total: 214 creatures vanquished

Notes
Turn   | Place    | Note
-------+----------+-------------------------------------------
     0 | D:1      | xccam the Gnoll Wanderer began the quest for the Orb.
     0 | D:1      | xccam set off with: a +2 scale mail, a +0 short sword, a potion of lignification, a ration
     0 | D:1      | Reached XP level 1. HP: 23/23 MP: 2/2
   146 | D:1      | Reached XP level 2. HP: 24/29 MP: 3/3
   751 | D:2      | Noticed a scorpion
   768 | D:2      | Killed a scorpion
   768 | D:2      | Reached skill level 1 in Long Blades
   768 | D:2      | Reached skill level 1 in Axes
   768 | D:2      | Reached skill level 1 in Maces & Flails
   768 | D:2      | Reached skill level 1 in Polearms
   768 | D:2      | Reached skill level 1 in Staves
   768 | D:2      | Reached skill level 1 in Slings
   768 | D:2      | Reached skill level 1 in Bows
   768 | D:2      | Reached skill level 1 in Crossbows
   768 | D:2      | Reached skill level 1 in Throwing
   768 | D:2      | Reached skill level 1 in Dodging
   768 | D:2      | Reached skill level 1 in Stealth
   768 | D:2      | Reached skill level 1 in Unarmed Combat
   768 | D:2      | Reached skill level 1 in Spellcasting
   768 | D:2      | Reached skill level 1 in Invocations
   768 | D:2      | Reached XP level 3. HP: 10/35 MP: 3/5
   768 | D:2      | Reached XP level 4. HP: 11/41 MP: 3/6
  1236 | D:2      | Reached skill level 1 in Conjurations
  1236 | D:2      | Reached skill level 1 in Hexes
  1236 | D:2      | Reached skill level 1 in Charms
  1236 | D:2      | Reached skill level 1 in Summonings
  1236 | D:2      | Reached skill level 1 in Necromancy
  1236 | D:2      | Reached skill level 1 in Translocations
  1236 | D:2      | Reached skill level 1 in Transmutations
  1236 | D:2      | Reached skill level 1 in Fire Magic
  1236 | D:2      | Reached skill level 1 in Ice Magic
  1236 | D:2      | Reached skill level 1 in Air Magic
  1236 | D:2      | Reached skill level 1 in Earth Magic
  1236 | D:2      | Reached skill level 1 in Poison Magic
  1260 | D:2      | Found a runed door.
  1646 | D:2      | Noticed Crazy Yiuf
  1657 | D:2      | Killed Crazy Yiuf
  1657 | D:2      | Reached XP level 5. HP: 45/47 MP: 7/7
  2522 | D:4      | Found a shattered altar of Ashenzari.
  2530 | D:4      | Reached XP level 6. HP: 53/53 MP: 8/8
  2576 | D:4      | Found a snail-covered altar of Cheibriados.
  2730 | D:4      | Got a faintly glowing dagger
  2731 | D:4      | Identified the +3 dagger "Tefuppir" {elec, rF+++ MR-} (You found it on level 4 of the Dungeon)
  2900 | D:4      | Found a bloodstained altar of Trog.
  3030 | D:4      | Noticed letownia2's ghost (amateur MfTm)
  3041 | D:4      | Killed letownia2's ghost
  3041 | D:4      | Reached skill level 5 in Short Blades
  3047 | D:4      | Reached XP level 7. HP: 48/59 MP: 8/10
  3384 | D:5      | Entered Level 5 of the Dungeon
  3453 | D:5      | Noticed Ijyb
  3469 | D:5      | Killed Ijyb
  3619 | D:5      | Found a shimmering altar of Xom.
  3652 | D:5      | HP: 1/60 [orc priest/flail (8)]
  3998 | D:5      | Found a sparkling altar of Nemelex Xobeh.
  4043 | D:5      | Found a sacrificial altar of Ru.
  4043 | D:5      | Found a bloodstained altar of Trog.
  4056 | D:5      | Became a worshipper of Ru the Awakened
  4085 | D:5      | Reached XP level 8. HP: 67/67 MP: 12/12
  4242 | D:5      | Noticed Edmund
  4249 | D:5      | Killed Edmund
  4482 | D:6      | Found a staircase to the Ecumenical Temple.
  4825 | D:6      | Learned a level 1 spell: Apportation
  4985 | D:6      | Found a runed door.
  5075 | D:6      | Gained mutation: You take slightly more damage. (AC -5) [Ru sacrifice]
  5075 | D:6      | Reached * piety under Ru
  5075 | D:6      | Reached ** piety under Ru
  5097 | D:6      | Found a roughly hewn altar of Beogh.
  5246 | D:7      | Found a basalt altar of Yredelemnul.
  5330 | D:7      | Reached XP level 9. HP: 72/72 MP: 14/14
  5836 | D:7      | Found an opulent altar of Gozag.
  5837 | D:7      | Found a glowing golden altar of the Shining One.
  5917 | D:8      | Noticed Psyche
  5923 | D:8      | Killed Psyche
  5923 | D:8      | Reached skill level 5 in Shields
  5923 | D:8      | Reached skill level 5 in Evocations
  5957 | D:8      | Identified the Reference Book on Displacement and Contamination
  6044 | D:8      | Noticed a two-headed ogre
  6050 | D:8      | Killed a two-headed ogre
  6050 | D:8      | Reached skill level 5 in Invocations
  6050 | D:8      | Reached XP level 10. HP: 78/80 MP: 15/17
  6195 | D:8      | HP: 4/80 [orc warrior/scimitar (15)]
  6197 | D:8      | Reached skill level 5 in Long Blades
  6197 | D:8      | Reached skill level 5 in Axes
  6197 | D:8      | Reached skill level 5 in Maces & Flails
  6197 | D:8      | Reached skill level 5 in Polearms
  6197 | D:8      | Reached skill level 5 in Staves
  6197 | D:8      | Reached skill level 5 in Slings
  6197 | D:8      | Reached skill level 5 in Bows
  6197 | D:8      | Reached skill level 5 in Crossbows
  6197 | D:8      | Reached skill level 5 in Throwing
  6197 | D:8      | Reached skill level 5 in Dodging
  6197 | D:8      | Reached skill level 5 in Stealth
  6197 | D:8      | Reached skill level 5 in Unarmed Combat
  6197 | D:8      | Reached skill level 5 in Spellcasting
  6629 | D:8      | Gained mutation: You are somewhat inexperienced. (-2 XL) [Ru sacrifice]
  6629 | D:8      | Reached XP level 9. HP: 75/75 MP: 16/16
  6629 | D:8      | Reached XP level 8. HP: 69/69 MP: 15/15
  6629 | D:8      | Reached *** piety under Ru
  6629 | D:8      | Reached **** piety under Ru
  6778 | D:8      | Noticed a hippogriff
  6790 | D:8      | Killed a hippogriff
  6904 | D:9      | Noticed Pikel
  6912 | D:9      | Killed Pikel
  6912 | D:9      | Reached XP level 9. HP: 71/75 MP: 16/16
  6956 | D:9      | Found a radiant altar of Vehumet.
  6962 | D:9      | Noticed a two-headed ogre
  7258 | D:9      | Noticed a troll
  7272 | D:9      | Killed a troll
  7371 | D:9      | Found a staircase to the Lair.
  7579 | D:9      | Found Josecozi's Book Shop.
  7655 | D:9      | Noticed Erolcha
  7668 | D:9      | Killed Erolcha
  7668 | D:9      | Reached XP level 10. HP: 73/82 MP: 18/18
  7674 | D:9      | Got a shimmering trident
  7675 | D:9      | Identified the cursed +3 trident "Hellblazer" {venom, +Inv Str+2} (You found it on level 9 of the Dungeon)
  7840 | D:9      | Noticed Gastronok
  7858 | D:9      | Killed Gastronok
  7858 | D:9      | Reached skill level 5 in Conjurations
  7858 | D:9      | Reached skill level 5 in Hexes
  7858 | D:9      | Reached skill level 5 in Charms
  7858 | D:9      | Reached skill level 5 in Summonings
  7858 | D:9      | Reached skill level 5 in Necromancy
  7858 | D:9      | Reached skill level 5 in Translocations
  7858 | D:9      | Reached skill level 5 in Transmutations
  7858 | D:9      | Reached skill level 5 in Fire Magic
  7858 | D:9      | Reached skill level 5 in Ice Magic
  7858 | D:9      | Reached skill level 5 in Air Magic
  7858 | D:9      | Reached skill level 5 in Earth Magic
  7858 | D:9      | Reached skill level 5 in Poison Magic
  8020 | D:9      | Slain by a two-headed ogre

Skill      XL: |  1  2  3  4  5  6  7  8  9 10 |
---------------+-------------------------------+-----
Long Blades    | 1 2 3 4 6 |  6.1
Axes           | 1 2 3 4 6 |  6.1
Maces & Flails | 1 2 3 4 6 |  6.1
Polearms       | 1 2 3 4 6 |  6.1
Staves         | 1 2 3 4 6 |  6.1
Slings         | 1 2 3 4 6 |  6.1
Bows           | 1 2 3 4 6 |  6.1
Crossbows      | 1 2 3 4 6 |  6.1
Throwing       | 1 2 3 4 6 |  6.1
Dodging        | 1 2 3 4 6 |  6.1
Stealth        | 1 2 3 4 6 |  6.1
Unarmed Combat | 1 2 3 4 6 |  6.1
Spellcasting   | 1 2 3 4 6 |  6.1
Invocations    | 1 2 3 4 6 |  6.7
Conjurations   | 1 2 3 4 5 |  5.0
Hexes          | 1 2 3 4 5 |  5.0
Charms         | 1 2 3 4 5 |  5.0
Summonings     | 1 2 3 4 5 |  5.0
Necromancy     | 1 2 3 4 5 |  5.0
Translocations | 1 2 3 4 5 |  5.0
Transmutations | 1 2 3 4 5 |  5.0
Fire Magic     | 1 2 3 4 5 |  5.0
Ice Magic      | 1 2 3 4 5 |  5.0
Air Magic      | 1 2 3 4 5 |  5.0
Earth Magic    | 1 2 3 4 5 |  5.0
Poison Magic   | 1 2 3 4 5 |  5.0
Shields        | 3 4 6 |  6.7
Evocations     | 3 4 6 |  6.7
Short Blades   | 5 7 |  7.7
Fighting       | 7 8 9 |  9.0
Armour         | 7 8 9 |  9.0

Action                   |  1- 3 |  4- 6 |  7- 9 | 10-12 || total
-------------------------+-------+-------+-------+-------++-------
Melee: Short sword       |    80 |    22 |       |       ||   102
       Bite              |    13 |    21 |    57 |    14 ||   105
       Dagger            |       |   155 |   464 |   103 ||   722
       Punch             |       |     2 |    15 |       ||    17
Invok: Sacrifice Health  |       |       |     1 |       ||     1
       Sacrifice Experie |       |       |     1 |       ||     1
       Power Leap        |       |       |       |     1 ||     1
Evoke: Wand              |       |       |    10 |       ||    10
  Use: Potion            |     2 |     1 |     6 |     1 ||    10
       Scroll            |       |     4 |     7 |     3 ||    14
 Stab: Sleeping          |       |       |     1 |     2 ||     3
       Invisible         |       |       |     1 |     1 ||     2
       Distracted        |       |       |       |     1 ||     1
  Eat: Chunk             |       |     7 |    14 |     5 ||    26
       Ration            |       |       |     1 |       ||     1
Armor: Scale mail        |    43 |    67 |   158 |    23 ||   291
       Skin              |     1 |     4 |       |       ||     5
Dodge: Dodged            |    35 |    83 |   191 |    34 ||   343
Block: Buckler           |       |       |       |     1 ||     1
